 Dungeon Crawl Stone Soup version 0.21.1-1-g345015fe64 (webtiles) character file.

11373 Hercules1031 the Blocker (level 11, -2/89 HPs)
             Began as a Gnoll Fighter on June 22, 2018.
             Was a Believer of Ashenzari.
             Slain by a two-headed ogre
             ... wielding a +0 giant spiked club
              (9 damage)
             ... on level 1 of the Orcish Mines.
             The game lasted 00:54:21 (11294 turns).

Hercules1031 the Blocker (Gnoll Fighter)           Turns: 11294, Time: 00:54:21

Health: -2/89      AC: 18    Str: 30    XL:     11   Next: 76%
Magic:  0/20       EV:  4    Int: 10    God:    Ashenzari [**....]
Gold:   525        SH:  8    Dex: 14    Spells: 23/23 levels left

rFire    . . .     SeeInvis .   I - +2 morningstar (freeze) (curse)
rCold    + + .     Gourm    .   c - +0 shield (curse)
rNeg     . . .     Faith    .   A - +5 plate armour (curse)
rPois    .         Spirit   +   (helmet restricted)
rElec    .         Reflect  .   t - +2 cloak (curse)
rCorr    .         Harm     .   (no gloves)
MR       .....                  (no boots)
Stlth    ..........             e - amulet of guardian spirit (curse)
HPRegen  0.24/turn              g - ring of ice
MPRegen  0.17/turn              a - +2 ring of strength (curse)

@: mighty, extremely drained
A: distributed training, fangs 1, horns 1, cold resistance 1, fire resistance 1,
evolution 1, strong nose
a: Curse Item, Scrying, Renounce Religion


You were on level 1 of the Orcish Mines.
You worshipped Ashenzari.
Ashenzari was pleased with you.
You were completely stuffed.

You visited 3 branches of the dungeon, and saw 13 of its levels.
You also visited: Sewer.

You collected 706 gold pieces.
You spent 181 gold pieces at shops.

Inventory:

Hand Weapons
 n - a +1 battleaxe
 H - a +3 flail of holy wrath
 I - a cursed +2 morningstar of freezing (weapon)
 L - the cursed +1 war axe "Cookie Cutter" {drain, +Fly rPois rF+}
   (You found it on level 10 of the Dungeon)

   A truly terrible weapon, it drains the life of those it strikes.
   It protects you from fire.
   It protects you from poison.
   It lets you fly.
   It has a curse placed upon it.
Missiles
 m - 5 tomahawks of returning (quivered)
Armour
 b - a +1 scale mail
 c - a cursed +0 shield (worn)
 t - a cursed +2 cloak (worn)
 u - a +0 helmet
 A - a cursed +5 plate armour (worn)
Jewellery
 a - a cursed +2 ring of strength (right hand)
 e - a cursed amulet of guardian spirit (around neck)
 g - a ring of ice (left hand)
 o - an uncursed ring of ice
Wands
 j - a wand of acid (7)
 v - a wand of random effects (28)
 w - a wand of iceblast (31)
 y - a wand of flame (83)
 D - a wand of clouds (7)
 K - a wand of digging (21)
Scrolls
 h - 14 scrolls of identify
 p - 3 scrolls of blinking
 q - 2 scrolls of magic mapping
 G - 2 scrolls of teleportation
Potions
 d - a potion of might
 i - 2 potions of agility
 s - 5 potions of flight
Books
 r - a book of Cantrips

   Spells                             Type                      Level
   a - Confusing Touch                Hexes                        1
   b - Animate Skeleton               Necromancy                   1
   c - Summon Small Mammal            Summoning                    1
   d - Apportation                    Translocation                1
 E - a book of Debilitation

   Spells                             Type                      Level
   a - Corona                         Hexes                        1
   b - Slow                           Hexes                        2
   c - Inner Flame                    Hexes/Fire                   3
   d - Portal Projectile              Hexes/Translocation          3
   e - Cause Fear                     Hexes                        4
   f - Leda's Liquefaction            Hexes/Earth                  4
 F - a book of Maledictions

   Spells                             Type                      Level
   a - Corona                         Hexes                        1
   b - Ensorcelled Hibernation        Hexes/Ice                    2
   c - Confuse                        Hexes                        3
   d - Tukima's Dance                 Hexes                        3
   e - Dazzling Spray                 Conjuration/Hexes            3
Miscellaneous
 k - a phial of floods
Comestibles
 f - 5 rations


   Skills:
 + Level 9.3(0.0) Fighting
 + Level 6.5(0.0) Short Blades
 + Level 6.5(0.0) Long Blades
 + Level 6.5(0.0) Axes
 + Level 8.0(0.0) Maces & Flails
 + Level 6.5(0.0) Polearms
 + Level 6.5(0.0) Staves
 + Level 6.5(0.0) Slings
 + Level 6.5(0.0) Bows
 + Level 6.5(0.0) Crossbows
 + Level 6.5(0.0) Throwing
 + Level 9.3(0.0) Armour
 + Level 6.5(0.0) Dodging
 + Level 6.5(0.0) Stealth
 + Level 9.3(0.0) Shields
 + Level 6.5(0.0) Unarmed Combat
 + Level 6.5(0.0) Spellcasting
 + Level 5.3(0.0) Conjurations
 + Level 5.3(0.0) Hexes
 + Level 5.3(0.0) Charms
 + Level 5.3(0.0) Summonings
 + Level 5.3(0.0) Necromancy
 + Level 5.3(0.0) Translocations
 + Level 5.3(0.0) Transmutations
 + Level 5.3(0.0) Fire Magic
 + Level 5.3(0.0) Ice Magic
 + Level 5.3(0.0) Air Magic
 + Level 5.3(0.0) Earth Magic
 + Level 5.3(0.0) Poison Magic
 + Level 7.1(0.0) Invocations
 + Level 6.5(0.0) Evocations


You had 23 spell levels left.
You didn't know any spells.

Dungeon Overview and Level Annotations

Branches:
Dungeon (11/15)            Temple (1/1) D:4            Lair (0/6) D:11
    Orc (1/2) D:11

Altars:
Ashenzari
Cheibriados
Dithmenos
Elyvilon
Gozag
Hepliaklqana
Kikubaaqudgha
Nemelex Xobeh
Okawaru
Ru
Sif Muna
Trog
Uskayaw
Wu Jian
Xom
Yredelemnul
Zin
The Shining One
Beogh

Shops:
D:5 *   D:6 (*%   D:7 }   Orc:1 [


Innate Abilities, Weirdness & Mutations

Your experience applies equally to all skills.
You have very sharp teeth.
Your uncanny sense of smell can sniff out nearby items.
You have a pair of small horns on your head.
Your flesh is cold resistant. (rC+)
Your flesh is heat resistant. (rF+)
You evolve.


Message History

The two-headed ogre hits you with a giant club!!
You puncture the two-headed ogre! You freeze the two-headed ogre.
The two-headed ogre is heavily wounded.
The two-headed ogre hits you with a giant spiked club!!
* * * LOW HITPOINT WARNING * * *
The two-headed ogre hits you but does no damage.
You sock the two-headed ogre! You freeze the two-headed ogre.
The two-headed ogre is severely wounded.
The two-headed ogre hits you but does no damage.
You block the two-headed ogre's attack.
Unknown command.
You feel very mighty all of a sudden.
The two-headed ogre hits you with a giant spiked club!
* * * LOW HITPOINT WARNING * * *
You block the two-headed ogre's attack.
Your shield and plate armour prevent you from hitting the two-headed ogre.
You headbutt the two-headed ogre!
The two-headed ogre is almost dead.
The two-headed ogre hits you with a giant spiked club!
You die...

*, #....####......##
*,∆.........#
#.......# *
#........####......#
##..#....#.#....#.##
*
#...#..........####
** *
##.##........##.# *
,#* ###.......#.## ,
,* ,* ,
##......#...# * , *
,,,{#@.(....##.##,
,,
,....OTO#>#########
, ....oo#.## , ,*
....##.. * ,, #..,
##. * , , #. .. , *
∆ , # .# , , , .. *
, , ,


You could see a two-headed ogre, a troll, an orc warrior, an ogre and an orc.

Vanquished Creatures
  2 two-headed ogres
  Sonja (D:11)
  An orc sorcerer (Orc:1)
  A cyclops (D:11)
  A manticore (D:9)
  An elephant (D:11)
  Maurice (D:9)
  A hornet (D:6)
  4 hippogriffs
  4 yaks (D:10)
  2 basilisks (D:11)
  4 hogs (D:7)
  A human (D:7)
  A hungry ghost (D:11)
  Edmund (D:5)
  Duvessa (D:5)
  3 orc warriors
  2 sky beasts
  2 ice beasts
  2 hornet zombies
  4 ogres
  A necrophage (D:10)
  A phantom (D:6)
  9 centaurs
  3 big kobolds
  4 bullfrogs
  Blork the orc (D:5)
  Dowan (D:5)
  2 scorpions
  4 wights (D:10)
  3 howler monkeys
  6 crimson imps
  2 hounds
  A quasit (D:6)
  3 orc priests
  6 jellies
  4 orc wizards
  3 centaur skeletons
  Crazy Yiuf (D:5)
  A bullfrog skeleton (D:4)
  Natasha (thrice) (D:3)
  2 iguanas
  10 worker ants
  A hound zombie (D:5)
  3 hound skeletons
  A worker ant zombie (D:9)
  4 gnolls (D:7)
  17 adders
  3 river rats
  4 shadow imps
  2 oozes
  An adder skeleton (D:4)
  4 worms
  9 leopard geckos
  34 orcs
  11 bats
  6 giant cockroaches
  6 goblins
  10 hobgoblins
  17 jackals
  25 kobolds
  4 quokkas
  3 ball pythons (D:6)
  6 frilled lizards
  A leopard gecko zombie (D:7)
  A quokka skeleton (D:4)
  9 rats
293 creatures vanquished.

Notes
Turn   | Place    | Note
-------+----------+-------------------------------------------
     0 | D:1      | Hercules1031 the Gnoll Fighter began the quest for the Orb.
     0 | D:1      | Reached XP level 1. HP: 23/23 MP: 1/1
   211 | D:1      | Reached XP level 2. HP: 29/29 MP: 2/2
   897 | D:2      | Found a white marble altar of Elyvilon.
   922 | D:2      | Found a faded altar of an unknown god.
   949 | D:2      | Reached XP level 3. HP: 34/35 MP: 3/3
  1158 | D:2      | Reached skill level 1 in Invocations
  1267 | D:2      | Reached skill level 1 in Short Blades
  1267 | D:2      | Reached skill level 1 in Long Blades
  1267 | D:2      | Reached skill level 1 in Axes
  1267 | D:2      | Reached skill level 1 in Polearms
  1267 | D:2      | Reached skill level 1 in Staves
  1267 | D:2      | Reached skill level 1 in Slings
  1267 | D:2      | Reached skill level 1 in Bows
  1267 | D:2      | Reached skill level 1 in Crossbows
  1267 | D:2      | Reached skill level 1 in Throwing
  1267 | D:2      | Reached skill level 1 in Dodging
  1267 | D:2      | Reached skill level 1 in Stealth
  1267 | D:2      | Reached skill level 1 in Unarmed Combat
  1267 | D:2      | Reached skill level 1 in Spellcasting
  1267 | D:2      | Reached skill level 1 in Evocations
  1439 | D:2      | Reached XP level 4. HP: 38/41 MP: 5/5
  1649 | D:3      | Reached skill level 1 in Conjurations
  1649 | D:3      | Reached skill level 1 in Hexes
  1649 | D:3      | Reached skill level 1 in Charms
  1649 | D:3      | Reached skill level 1 in Summonings
  1649 | D:3      | Reached skill level 1 in Necromancy
  1649 | D:3      | Reached skill level 1 in Translocations
  1649 | D:3      | Reached skill level 1 in Transmutations
  1649 | D:3      | Reached skill level 1 in Fire Magic
  1649 | D:3      | Reached skill level 1 in Ice Magic
  1649 | D:3      | Reached skill level 1 in Air Magic
  1649 | D:3      | Reached skill level 1 in Earth Magic
  1649 | D:3      | Reached skill level 1 in Poison Magic
  1655 | D:3      | Reached XP level 5. HP: 27/47 MP: 6/6
  1829 | D:3      | Noticed Natasha
  1840 | D:3      | Killed Natasha
  2044 | D:3      | Found a sacrificial altar of Ru.
  2060 | D:3      | Reached XP level 6. HP: 23/53 MP: 8/8
  2343 | D:3      | Noticed Natasha
  2358 | D:3      | Killed Natasha
  2499 | D:3      | Noticed Natasha
  2510 | D:3      | Killed Natasha
  2566 | D:3      | Found a glowing golden altar of the Shining One.
  2566 | D:3      | Found a faded altar of an unknown god.
  2579 | D:3      | Found a snail-covered altar of Cheibriados.
  2584 | D:3      | Found a bloodstained altar of Trog.
  2586 | D:3      | Found a deep blue altar of Sif Muna.
  2753 | D:4      | Reached skill level 5 in Maces & Flails
  2972 | D:4      | Reached XP level 7. HP: 41/59 MP: 10/10
  3349 | D:4      | Found a staircase to the Ecumenical Temple.
  3358 | Temple   | Entered the Ecumenical Temple
  3386 | Temple   | Became a worshipper of Ashenzari the Shackled
  3672 | D:5      | Entered Level 5 of the Dungeon
  3672 | D:5      | Noticed Blork the orc
  3676 | D:5      | Killed Blork the orc
  3705 | D:5      | Gained mutation: Scrolls take you a little longer to read. [potion of mutation]
  3705 | D:5      | Gained mutation: You have a pair of small horns on your head. [potion of mutation]
  3761 | D:5      | Found a runed door.
  3809 | D:5      | Noticed Crazy Yiuf
  3815 | D:5      | Killed Crazy Yiuf
  3947 | D:5      | Found a shimmering altar of Xom.
  3948 | D:5      | Noticed Duvessa
  3949 | D:5      | Found a shimmering altar of Xom.
  3949 | D:5      | Noticed Dowan
  3951 | D:5      | Found a shimmering altar of Xom.
  3951 | D:5      | Found a shimmering altar of Xom.
  3956 | D:5      | Killed Duvessa
  3959 | D:5      | Killed Dowan
  3959 | D:5      | Reached XP level 8. HP: 53/67 MP: 10/12
  3965 | D:5      | Found a shimmering altar of Xom.
  3965 | D:5      | Found a shimmering altar of Xom.
  4008 | D:5      | Found a shimmering altar of Xom.
  4239 | D:5      | Noticed Edmund
  4271 | D:5      | Killed Edmund
  4462 | D:5      | Found Qakofaho's General Store.
  4467 | D:5      | Bought a +2 ring of strength for 97 gold pieces
  4741 | D:6      | Found Ozxoidd's Food Shop.
  4830 | D:6      | Found a glowing drain.
  4835 | Sewer    | Entered a sewer
  4941 | Sewer    | Found a white marble altar of Elyvilon.
  5084 | D:6      | Found Sirekh's Assorted Antiques.
  5090 | D:6      | Bought a scroll of remove curse for 84 gold pieces
  5173 | D:6      | Reached XP level 9. HP: 72/72 MP: 14/14
  5393 | D:6      | Found Seabbef's Weapon Boutique.
  5613 | D:6      | Noticed a hornet
  5614 | D:6      | Noticed a two-headed ogre
  5622 | D:6      | Killed a two-headed ogre
  5624 | D:6      | Paralysed by a hornet for 2 turns
  5628 | D:6      | Killed a hornet
  6085 | D:7      | Reached skill level 5 in Invocations
  6225 | D:7      | Found Nicsy's Gadget Shop.
  6240 | D:7      | Reached XP level 10. HP: 80/80 MP: 15/17
  6316 | D:7      | Lost mutation: Scrolls take you a little longer to read. [potion of mutation]
  6316 | D:7      | Gained mutation: Your flesh is heat resistant. (rF+) [potion of mutation]
  6316 | D:7      | Gained mutation: Your flesh is cold resistant. (rC+) [potion of mutation]
  6316 | D:7      | Gained mutation: Your spells are a little harder to cast, but a little more powerful. [potion of mutation]
  6316 | D:7      | Gained mutation: You evolve. [potion of mutation]
  6478 | D:7      | Reached skill level 5 in Short Blades
  6478 | D:7      | Reached skill level 5 in Long Blades
  6478 | D:7      | Reached skill level 5 in Axes
  6478 | D:7      | Reached skill level 5 in Polearms
  6478 | D:7      | Reached skill level 5 in Staves
  6478 | D:7      | Reached skill level 5 in Slings
  6478 | D:7      | Reached skill level 5 in Bows
  6478 | D:7      | Reached skill level 5 in Crossbows
  6478 | D:7      | Reached skill level 5 in Throwing
  6478 | D:7      | Reached skill level 5 in Dodging
  6478 | D:7      | Reached skill level 5 in Stealth
  6478 | D:7      | Reached skill level 5 in Unarmed Combat
  6478 | D:7      | Reached skill level 5 in Spellcasting
  6478 | D:7      | Reached skill level 5 in Evocations
  6568 | D:7      | Reached * piety under Ashenzari
  6895 | D:8      | Found an ornate altar of the Wu Jian Council.
  7233 | D:9      | Found an opulent altar of Gozag.
  7380 | D:9      | Noticed a manticore
  7391 | D:9      | Killed a manticore
  7696 | D:9      | Noticed Maurice
  7725 | D:9      | Killed Maurice
  7769 | D:9      | Lost mutation: Your spells are a little harder to cast, but a little more powerful. [evolution]
  8190 | D:10     | Entered Level 10 of the Dungeon
  8426 | D:10     | Reached XP level 11. HP: 87/87 MP: 19/19
  8971 | D:10     | Identified the cursed +1 war axe "Cookie Cutter" {drain, +Fly rPois rF+}
  9227 | D:11     | Reached skill level 5 in Conjurations
  9227 | D:11     | Reached skill level 5 in Hexes
  9227 | D:11     | Reached skill level 5 in Charms
  9227 | D:11     | Reached skill level 5 in Summonings
  9227 | D:11     | Reached skill level 5 in Necromancy
  9227 | D:11     | Reached skill level 5 in Translocations
  9227 | D:11     | Reached skill level 5 in Transmutations
  9227 | D:11     | Reached skill level 5 in Fire Magic
  9227 | D:11     | Reached skill level 5 in Ice Magic
  9227 | D:11     | Reached skill level 5 in Air Magic
  9227 | D:11     | Reached skill level 5 in Earth Magic
  9227 | D:11     | Reached skill level 5 in Poison Magic
  9229 | D:11     | Found a staircase to the Lair.
  9288 | D:11     | Noticed a two-headed ogre
  9302 | D:11     | Killed a two-headed ogre
  9671 | D:11     | Noticed a cyclops
  9675 | D:11     | Killed a cyclops
  9737 | D:11     | Noticed Sonja
  9797 | D:11     | Killed Sonja
  9816 | D:11     | Found a roughly hewn altar of Beogh.
 10098 | D:11     | Reached ** piety under Ashenzari
 10421 | D:11     | Found a staircase to the Orcish Mines.
 10853 | Orc:1    | Entered Level 1 of the Orcish Mines
 10853 | Orc:1    | Found Vapiotu's Antique Armour Emporium.
 10857 | Orc:1    | Noticed an orc sorcerer
 11242 | Orc:1    | Killed an orc sorcerer
 11283 | Orc:1    | Noticed a two-headed ogre
 11294 | Orc:1    | Slain by a two-headed ogre

Skill      XL: |  1  2  3  4  5  6  7  8  9 10 11 |
---------------+----------------------------------+-----
Invocations    | 1 2 3 4 5 6 7 |  7.1
Short Blades   | 1 2 3 4 5 6 |  6.5
Long Blades    | 1 2 3 4 5 6 |  6.5
Axes           | 1 2 3 4 5 6 |  6.5
Polearms       | 1 2 3 4 5 6 |  6.5
Staves         | 1 2 3 4 5 6 |  6.5
Slings         | 1 2 3 4 5 6 |  6.5
Bows           | 1 2 3 4 5 6 |  6.5
Crossbows      | 1 2 3 4 5 6 |  6.5
Throwing       | 1 2 3 4 5 6 |  6.5
Dodging        | 1 2 3 4 5 6 |  6.5
Stealth        | 1 2 3 4 5 6 |  6.5
Unarmed Combat | 1 2 3 4 5 6 |  6.5
Spellcasting   | 1 2 3 4 5 6 |  6.5
Evocations     | 1 2 3 4 5 6 |  6.5
Conjurations   | 1 2 3 4 5 |  5.3
Hexes          | 1 2 3 4 5 |  5.3
Charms         | 1 2 3 4 5 |  5.3
Summonings     | 1 2 3 4 5 |  5.3
Necromancy     | 1 2 3 4 5 |  5.3
Translocations | 1 2 3 4 5 |  5.3
Transmutations | 1 2 3 4 5 |  5.3
Fire Magic     | 1 2 3 4 5 |  5.3
Ice Magic      | 1 2 3 4 5 |  5.3
Air Magic      | 1 2 3 4 5 |  5.3
Earth Magic    | 1 2 3 4 5 |  5.3
Poison Magic   | 1 2 3 4 5 |  5.3
Maces & Flails | 5 6 7 8 |  8.0
Fighting       | 7 8 9 |  9.3
Armour         | 7 8 9 |  9.3
Shields        | 7 8 9 |  9.3

Action                   |  1- 3 |  4- 6 |  7- 9 | 10-12 || total
-------------------------+-------+-------+-------+-------++-------
Melee: Flail             |   114 |    52 |    46 |    87 ||   299
       Bite              |    13 |    17 |    27 |    66 ||   123
       Battleaxe         |       |   119 |    43 |       ||   162
       Quarterstaff      |       |       |    61 |       ||    61
       Headbutt          |       |       |    54 |   102 ||   156
       Morningstar       |       |       |   121 |   383 ||   504
Invok: Curse Item        |       |       |     1 |     4 ||     5
Evoke: Wand              |       |       |       |     2 ||     2
  Use: Potion            |     4 |     2 |     5 |    12 ||    23
       Scroll            |     1 |     7 |     6 |     9 ||    23
 Stab: Sleeping          |       |       |     2 |       ||     2
  Eat: Ration            |     1 |     2 |     3 |    20 ||    26
Armor: Scale mail        |    49 |   153 |    77 |       ||   279
       Leather armour    |       |       |    24 |       ||    24
       Plate armour      |       |       |    47 |   442 ||   489
       Skin              |       |       |       |    14 ||    14
Dodge: Dodged            |    34 |   169 |   125 |   181 ||   509
Block: Shield            |    79 |    49 |   121 |   411 ||   660
